 Dungeon Crawl Stone Soup version 0.20-a0-1089-g3fde505 (webtiles) character file.

208241 kuniqs the Convoker (level 18, -3/134 HPs)
             Began as a Gnoll Summoner on May 2, 2017.
             Was the Champion of Sif Muna.
             Slain by a ghost moth (7 damage)
             ... on level 2 of the Spider Nest on May 3, 2017.
             The game lasted 03:06:18 (54479 turns).

kuniqs the Convoker (Gnoll Summoner)               Turns: 54479, Time: 03:06:18

Health: -3/134     AC:  7    Str:  3 (5)  XL:     18   Next: 78%
Magic:  0/42       EV: 17    Int: 20 (22) God:    Sif Muna [******]
Gold:   3988       SH:  5    Dex: 16      Spells: 1/39 levels left

rFire    + . .     SeeInvis .   a - staff of energy
rCold    + . .     Gourm    .   X - +0 buckler
rNeg     . . .     Faith    .   t - +0 robe {rC+ rF+}
rPois    +         Spirit   .   C - +1 helmet
rElec    .         Reflect  .   F - +0 cloak
rCorr    .         Harm     .   v - +0 pair of gloves (curse)
MR       .....                  M - +0 pair of boots
Stlth    ++........             x - amulet of magic regeneration
Regen    0.4/turn               W - ring of wizardry
MPRegen  0.5/turn               S - ring of magical power

@: about to teleport, very slightly contaminated, slowed, divine energy, very
slow
A: short attention span, fangs 1, poison resistance, weak 1, strong nose
}: 1/15 runes: decaying
a: Stop Divine Energy, Channel Magic, Forget Spell, Renounce Religion


You were on level 2 of the Spider Nest.
You worshipped Sif Muna.
Sif Muna was exalted by your worship.
You were near starving.

You visited 7 branches of the dungeon, and saw 36 of its levels.
You also visited: Volcano.

You collected 4405 gold pieces.
You spent 417 gold pieces at shops.

Inventory:

Hand Weapons
 h - a +0 short sword
Armour
 t - a +0 robe of resistance (worn)
 v - a cursed +0 pair of gloves (worn)
 C - a +1 helmet (worn)
 F - a +0 cloak (worn)
 M - a +0 pair of boots (worn)
 X - a +0 buckler (worn)
Magical Staves
 a - an uncursed staff of energy (weapon)
 y - an uncursed staff of air
Jewellery
 x - an amulet of magic regeneration (around neck)
 R - an uncursed ring of ice
 S - a ring of magical power (right hand)
 W - a ring of wizardry (left hand)
Wands
 p - a wand of digging (6/24)
Scrolls
 b - a scroll of identify {@r1}
 g - 6 scrolls of recharging
 j - 19 scrolls of remove curse {@r2}
 l - 10 scrolls of amnesia
 m - 8 scrolls of enchant weapon
 n - 3 scrolls of summoning
 o - 3 scrolls of magic mapping
 w - 12 scrolls of teleportation
 z - 5 scrolls of immolation
 A - 3 scrolls of fear
 E - 8 scrolls of fog
 G - a scroll of holy word
 H - 4 scrolls of enchant armour
 I - 2 scrolls of blinking
Potions
 c - 7 potions of flight
 i - 9 potions of invisibility
 k - 2 potions of magic
 q - 5 potions of might
 r - 2 potions of cancellation
 s - 11 potions of curing {@q1}
 u - 4 potions of heal wounds
 B - a potion of resistance
 L - 3 potions of agility
 O - a potion of ambrosia
 U - 2 potions of mutation
 Z - 5 potions of brilliance
Books
 D - a book of Beasts

   Spells                             Type                      Level
   a - Summon Butterflies             Summoning                    1
   b - Call Canine Familiar           Summoning                    3
   c - Summon Ice Beast               Ice/Summoning                4
   d - Summon Mana Viper              Hexes/Summoning              5
   e - Summon Hydra                   Summoning                    7
 J - a book of Frost

   Spells                             Type                      Level
   a - Freeze                         Ice                          1
   b - Throw Frost                    Conjuration/Ice              2
   c - Ozocubu's Armour               Charms/Ice                   3
   d - Throw Icicle                   Conjuration/Ice              4
   e - Summon Ice Beast               Ice/Summoning                4
 T - Sif Muna's Grimoire of Stolen Souls and Calling
   (Sif Muna gifted it to you on level 2 of the Vaults)

   Spells                             Type                      Level
   a - Sublimation of Blood           Necromancy                   2
   b - Call Imp                       Summoning                    2
   c - Aura of Abjuration             Summoning                    5
   d - Summon Forest                  Summoning/Translocation      5
   e - Monstrous Menagerie            Summoning                    7
 V - a book of Necromancy

   Spells                             Type                      Level
   a - Pain                           Necromancy                   1
   b - Animate Skeleton               Necromancy                   1
   c - Vampiric Draining              Necromancy                   3
   d - Regeneration                   Charms/Necromancy            3
   e - Animate Dead                   Necromancy                   4
   f - Control Undead                 Necromancy                   4
 Y - Sif Muna's Collected Works on Creation and Intoxication
   (Sif Muna gifted it to you on level 2 of the Orcish Mines)

   Spells                             Type                      Level
   a - Recall                         Summoning/Translocation      3
   b - Call Canine Familiar           Summoning                    3
   c - Aura of Abjuration             Summoning                    5
   d - Poison Arrow                   Conjuration/Poison           6
   e - Summon Greater Demon           Summoning                    7
   f - Malign Gateway                 Summoning/Translocation      7
Miscellaneous
 K - a lightning rod (3/4)
 Q - 2 phantom mirrors
Comestibles
 d - 11 bread rations
 e - 22 meat rations
 f - 41 fruits
 N - a royal jelly


   Skills:
 - Level 10.1 Fighting
 - Level 7.8 Dodging
 - Level 7.5 Stealth
 - Level 4.4 Shields
 - Level 11.0 Spellcasting
   Level 5.2 Conjurations
 - Level 7.1 Hexes
 - Level 8.3 Charms
 + Level 15.5 Summonings
 - Level 7.1 Necromancy
 - Level 13.8 Ice Magic
 - Level 7.1 Air Magic
 - Level 9.0 Invocations
 - Level 7.3 Evocations


You had one spell level left.
You knew the following spells:

 Your Spells              Type           Power        Failure   Level  Hunger
a - Summon Ice Beast      Ice/Summ       ######..     1%          4    None
b - Call Imp              Summ           ######..     0%          2    None
c - Call Canine Familiar  Summ           ######..     1%          3    None
d - Summon Mana Viper     Hex/Summ       ######..     1%          5    None
e - Regeneration          Chrm/Necr      #####.....   1%          3    None
f - Summon Lightning Spi  Summ/Air       ######..     1%          4    None
g - Summon Hydra          Summ           ######....   3%          7    None
h - Ozocubu's Armour      Chrm/Ice       ######..     1%          3    None
i - Monstrous Menagerie   Summ           ######....   3%          7    None


Dungeon Overview and Level Annotations

Branches:
Dungeon (15/15)            Temple (1/1) D:4            Lair (6/6) D:11
  Swamp (4/4) Lair:3       Spider (3/4) Lair:3        Slime (0/5) Lair:5
    Orc (2/2) D:9             Elf (0/3) Orc:2        Vaults (5/5) D:13
  Crypt (0/3) Vaults:3     Depths (0/5) D:15

Altars:
Ashenzari
Cheibriados
Dithmenos
Elyvilon
Fedhas
Gozag
Hepliaklqana
Kikubaaqudgha
Makhleb
Nemelex Xobeh
Okawaru
Qazlal
Ru
Sif Muna
Trog
Uskayaw
Vehumet
Wu Jian
Xom
Yredelemnul
Zin
The Shining One
Beogh
Jiyva

Shops:
D:6 *?%(   D:11 *   D:12 ?   Orc:2 [:*}   Vaults:1 (   Vaults:4 (

Portals:
Trove: D:11 (give +5 demon blade)

Annotations:
D:3 1 exclusion
D:15 exclusion: Roxanne, Roxanne


Innate Abilities, Weirdness & Mutations

You have a short attention span.
You have very sharp teeth.
Your uncanny sense of smell can sniff out nearby items.
Your system is resistant to poisons. (rPois)
You are weak. (Str -2)


Message History

You feel you are being watched by something.
You feel your power leaking away.
You feel you are being watched by something.
Okay, then.
You feel better.
You are near starving!
You feel you are being watched by something. x2
As you read the scroll of teleportation, it crumbles to dust.
You feel strangely unstable.
You feel you are being watched by something.
You feel your power leaking away.
You feel you are being watched by something.
You enter the shallow water.
Moving in this stuff is going to be slow.
You feel you are being watched by something.
You feel your power leaking away. Something hits you!
* * * LOW HITPOINT WARNING * * *
Something hits you!
You die...

.......#.#.##.......#...#......#≈
.........#..####....#...#^...#≈##
..##<....##.#.#.....#........#.##
###≈###...#...#.#####.......##.)#
...≈..S.......#...#...#≈#####....
...###........#...#...#...#.#....
##...###>##.....^###..#..##.#....
#...##.##≈.......#.#....##..#....
#...#..#.####.S.@#.#.#.##..#####.
##..#..#.#..#..##.####.....#...#.
....#..#.#..#.##..#......####..#.
...#...#......#...#......#..#..#.
##.#.........##...#....###..##...
...###.......#....#.####.≈##[#...
.##≈.≈##....^#.......#..≈#.≈..^##
.#.....>....^#......##..#..#....#
#≈###........#......#.........#.#


You could see a friendly mana viper.

Vanquished Creatures
  An ogre mage (Vaults:1)
  2 two-headed ogres (Vaults:1)
  A glowing orange brain (Vaults:2)
  A swamp dragon (Swamp:4)
  A faun (shapeshifter) (Vaults:1)
  A vault sentinel (Vaults:4)
  A freezing wraith (Vaults:1)
  A vampire mosquito (Swamp:4)
  A swamp drake (Swamp:4)
  A slave (D:5)
  An ogre (Vaults:1)
  A bullfrog (D:6)
  A crimson imp (D:5)
  2 hounds
  2 orc wizards
  A worker ant (D:5)
  A hound skeleton (D:6)
  An adder (D:5)
  A leopard gecko (D:6)
  5 orcs
  7 bats
  2 giant cockroaches
  A hobgoblin (D:2)
  3 jackals (D:3)
  A quokka (D:5)
  A ball python (D:4)
  3 frilled lizards (D:2)
  2 kobolds (D:2)
  A quokka zombie (D:6)
  5 rats
  A toadstool (D:1)
54 creatures vanquished.

Vanquished Creatures (collateral kills)
  Jorgrun (Swamp:3)
  A lich (Vaults:1)
  A tentacled monstrosity (Vaults:2)
  Asterion (Spider:1)
  A titan (Vaults:2)
  3 sphinxes
  4 thorn hunters (Swamp:4)
  A tengu reaver (Vaults:4)
  Kirke (D:14)
  A fire giant (Vaults:3)
  15 vault wardens
  4 frost giants
  Aizul (Swamp:3)
  An orc warlord (Orc:2)
  An emperor scorpion (Spider:2)
  9 ironheart preservers
  An emperor scorpion (shapeshifter) (Vaults:2)
  8 stone giants
  4 very ugly things (Vaults:2)
  2 dire elephants
  2 deep elf annihilators (Vaults:1)
  Snorg (Lair:4)
  4 ettins
  A deep elf death mage (Vaults:3)
  15 yaktaur captains
  A crystal guardian (Vaults:4)
  A great orb of eyes (Vaults:1)
  16 vault guards
  3 fire dragons
  A ghost crab (Swamp:4)
  4 ice dragons
  6 centaur warriors
  A merfolk avatar (Lair:6)
  29 hydras
  11 alligators
  51 two-headed ogres
  The ghost of Shinoi the Fighter, a novice HOMo of the Shining One (D:8)
  2 dancing weapons (D:13)
  The ghost of nht the Cruncher, a novice OgGl of Makhleb (D:9)
  A catoblepas (D:13)
  A death knight (Vaults:1)
  A two-headed ogre (shapeshifter) (Vaults:3)
  16 ogre magi
  Urug (Orc:1)
  A deep troll earth mage (Vaults:4)
  4 deep elf knights
  A fire crab (Lair:6)
  An iron troll (Orc:2)
  A shadow wraith (Vaults:2)
  2 sea snakes (Lair:6)
  9 swamp dragons
  7 skeletal warriors
  2 wizards
  An unseen horror (D:13)
  14 deep trolls
  3 flayed ghosts
  5 glowing orange brains
  Pikel (D:6)
  3 shambling mangroves
  A phantasmal warrior (Vaults:1)
  8 deep elf archers
  13 ironbrand convokers
  2 harpies
  17 orc knights
  22 ugly things
  2 necromancers (Vaults:2)
  10 orb spiders
  20 wolf spiders
  5 orc sorcerers
  4 oklob plants (Lair:6)
  A fire giant zombie (Vaults:2)
  17 deep elf magi
  A salamander (shapeshifter) (Vaults:4)
  8 cyclopes
  A human zombie (Vaults:2)
  An elephant (shapeshifter) (Vaults:3)
  2 salamanders
  16 elephants
  A manticore (D:15)
  3 moths of wrath
  A fire giant skeleton (Vaults:2)
  A torpor snail (Spider:2)
  A molten gargoyle (Lair:1)
  5 black mambas
  3 stone giant skeletons (Vaults:3)
  2 centaur zombies
  20 vault sentinels
  An eye of devastation (Vaults:1)
  2 gargoyles (D:14)
  19 spiny frogs
  A rime drake (shapeshifter) (Vaults:1)
  11 rime drakes
  77 yaktaurs
  7 komodo dragons
  11 demonic crawlers
  A yaktaur (shapeshifter) (Vaults:2)
  A redback zombie (D:13)
  A yaktaur skeleton (Vaults:3)
  10 freezing wraiths
  A meliai (shapeshifter) (Vaults:2)
  6 jumping spiders
  3 meliai (D:15)
  8 polar bears
  A queen bee (shapeshifter) (Vaults:1)
  15 trolls
  4 tyrant leeches
  Grinder (D:6)
  A hornet (shapeshifter) (Vaults:2)
  21 hornets
  2 raiju (shapeshifter)
  42 slime creatures
  A dream sheep (shapeshifter) (Vaults:3)
  28 blink frogs
  An ettin zombie (Vaults:2)
  10 hippogriffs
  15 bog bodies
  3 shadows
  8 spriggans
  2 vampires
  A wraith (Vaults:1)
  8 tarantellas
  37 redbacks
  An ettin skeleton (Vaults:3)
  3 wyverns
  2 basilisks
  33 yaks
  5 hogs (D:14)
  23 vampire mosquitoes
  21 insubstantial wisps
  2 hungry ghosts
  17 swamp worms
  2 acid dragons
  3 wargs
  14 water moccasins
  A soldier ant (D:12)
  10 swamp drakes
  A slave (D:6)
  41 orc warriors
  7 porcupines
  4 ice beasts
  2 sky beasts
  49 ogres
  A black bear (D:11)
  3 phantoms
  A wolf (shapeshifter) (Vaults:2)
  14 wolves
  10 centaurs
  9 human skeletons
  An orc skeleton (Vaults:2)
  14 crocodiles
  19 bullfrogs
  4 big kobolds
  A glowing shapeshifter simulacrum (Vaults:2)
  A gnoll sergeant (D:10)
  4 scorpions
  A wyvern skeleton (D:11)
  10 killer bees
  A human simulacrum (Vaults:2)
  10 wights
  An electric eel (Lair:2)
  5 crimson imps
  A bullfrog zombie (D:8)
  A quasit (D:11)
  6 hounds
  2 jellies
  21 orc priests
  3 centaur skeletons
  2 bullfrog skeletons
  3 iguanas
  39 orc wizards
  10 worker ants
  A hound skeleton (D:10)
  3 worker ant zombies
  8 gnolls
  A gnoll (shapeshifter) (Vaults:2)
  10 adders
  3 shadow imps
  An adder skeleton (D:6)
  4 worms
  4 leopard geckos
  133 orcs
  2 giant cockroaches
  7 goblins
  7 hobgoblins
  3 quokkas
  A ball python (D:5)
  5 bats
  A frilled lizard (D:3)
  18 kobolds
  A leopard gecko skeleton (D:6)
  A quokka zombie (D:7)
  3 rats
  3 fungi (Lair:5)
  2 plants
  3 toadstools (D:1)
1500 creatures vanquished.

Vanquished Creatures (others)
  A deep elf archer (Vaults:2)
  A human (D:14)
  A yak (D:14)
  A crimson imp (D:14)
  A shadow imp (D:6)
  3 orcs
  11 fungi
  25 plants
44 creatures vanquished.

Grand Total: 1598 creatures vanquished

Notes
Turn   | Place    | Note
-------+----------+-------------------------------------------
     0 | D:1      | kuniqs the Gnoll Summoner began the quest for the Orb.
     0 | D:1      | Reached XP level 1. HP: 13/13 MP: 4/4
   369 | D:1      | Reached XP level 2. HP: 15/20 MP: 4/6
   373 | D:1      | Learned a level 2 spell: Call Imp
   667 | D:1      | Reached skill level 1 in Fighting
   950 | D:2      | Reached skill level 6 in Summonings
  1035 | D:2      | Reached XP level 3. HP: 6/26 MP: 1/8
  1514 | D:2      | Learned a level 3 spell: Call Canine Familiar
  2137 | D:3      | Reached XP level 4. HP: 31/33 MP: 3/9
  2347 | D:3      | Learned a level 4 spell: Summon Lightning Spire
  2646 | D:3      | Found a deep blue altar of Sif Muna.
  2938 | D:4      | Reached skill level 1 in Air Magic
  2938 | D:4      | Reached XP level 5. HP: 35/39 MP: 8/11
  3100 | D:4      | Found a staircase to the Ecumenical Temple.
  3110 | Temple   | Entered the Ecumenical Temple
  3411 | D:3      | Became a worshipper of Sif Muna the Loreminder
  3732 | D:4      | Reached skill level 5 in Dodging
  3783 | D:4      | Noticed a phantom
  3813 | D:4      | Killed a phantom
  3813 | D:4      | Reached XP level 6. HP: 47/47 MP: 3/12
  3948 | D:5      | Entered Level 5 of the Dungeon
  4342 | D:5      | Reached skill level 5 in Spellcasting
  4428 | D:5      | Reached skill level 5 in Stealth
  4428 | D:5      | Reached XP level 7. HP: 43/54 MP: 5/14
  4677 | D:6      | Noticed Pikel
  4758 | D:6      | Reached * piety under Sif Muna
  4758 | D:6      | Reached skill level 7 in Summonings
  4808 | D:6      | Noticed Grinder
  4981 | D:6      | Found Zemegami's Weapon Shop.
  5208 | D:6      | Noticed a cyclops
  5219 | D:6      | Killed a cyclops
  5219 | D:6      | Reached skill level 5 in Fighting
  5219 | D:6      | Reached XP level 8. HP: 62/62 MP: 16/16
  5225 | D:6      | Learned a level 4 spell: Summon Ice Beast
  5246 | D:6      | Found Herghim's Food Shop.
  5280 | D:6      | Paralysed by Grinder for 4 turns
  5282 | D:6      | Killed Grinder
  5282 | D:6      | Reached skill level 1 in Ice Magic
  5315 | D:6      | Found Wyehaph's Magic Scroll Shop.
  5323 | D:6      | Bought a scroll of fog for 26 gold pieces
  5323 | D:6      | Bought 2 scrolls of noise for 26 gold pieces
  5323 | D:6      | Bought a scroll of identify for 26 gold pieces
  5323 | D:6      | Bought a scroll of enchant armour for 97 gold pieces
  5323 | D:6      | Bought a scroll of identify for 26 gold pieces
  5323 | D:6      | Bought a scroll of identify for 26 gold pieces
  5323 | D:6      | Bought a scroll of identify for 26 gold pieces
  5352 | D:6      | Killed Pikel
  5390 | D:6      | Found Yxtiolao's Assorted Antiques.
  5427 | D:6      | Found a deep blue altar of Sif Muna.
  5650 | D:6      | Reached skill level 5 in Air Magic
  5885 | D:7      | Gained mutation: You are weak. (Str -2) [mutagenic meat]
  6087 | D:7      | Reached skill level 8 in Summonings
  6087 | D:7      | Reached ** piety under Sif Muna
  7180 | D:7      | Reached XP level 9. HP: 38/69 MP: 19/19
  7228 | D:8      | Noticed Shinoi's ghost (novice HOMo)
  7231 | D:8      | Noticed a two-headed ogre
  7538 | D:8      | Killed a two-headed ogre
  7670 | D:8      | Killed Shinoi's ghost
  7841 | D:8      | Found an ornate altar of the Wu Jian Council.
  8134 | D:8      | Gained mutation: Your system is resistant to poisons. (rPois) [mutagenic meat]
  8534 | D:9      | Noticed a troll
  8538 | D:9      | Killed a troll
  8538 | D:9      | Reached *** piety under Sif Muna
  8538 | D:9      | Reached skill level 1 in Invocations
  8584 | D:9      | Noticed nht's ghost (novice OgGl)
  8635 | D:9      | Killed nht's ghost
  8635 | D:9      | Reached skill level 5 in Ice Magic
  8635 | D:9      | Reached XP level 10. HP: 70/79 MP: 15/22
  8902 | D:9      | Found a staircase to the Orcish Mines.
  8915 | D:9      | Found a roughly hewn altar of Beogh.
  9135 | D:9      | Reached skill level 1 in Evocations
  9337 | D:9      | Reached skill level 9 in Summonings
  9463 | D:9      | Reached **** piety under Sif Muna
  9463 | D:9      | Reached ***** piety under Sif Muna
  9463 | D:9      | Reached skill level 11 in Summonings
  9463 | D:9      | Reached XP level 11. HP: 84/84 MP: 23/23
  9549 | D:10     | Entered Level 10 of the Dungeon
  9666 | D:10     | Learned a level 5 spell: Summon Mana Viper
 10410 | D:11     | Found a staircase to the Lair.
 10454 | D:11     | Found Kafoix's General Store.
 10567 | D:11     | Noticed a frost giant
 10692 | D:11     | Received a gift from Sif Muna
 10731 | D:11     | Reached skill level 1 in Hexes
 10828 | D:11     | Got the broad axe "Zufuttor" {freeze}
 11129 | D:11     | Killed a frost giant
 11139 | D:11     | Identified the cursed +1 broad axe "Zufuttor" {freeze, rF- Str+8 Dex-3 Stlth+} (You found it on level 11 of the Dungeon)
 11259 | D:11     | Found a portal to a secret trove of treasure.
 11894 | D:12     | Found Sucleclu's Magic Scroll Boutique.
 11894 | D:12     | Noticed a two-headed ogre
 11900 | D:12     | Killed a two-headed ogre
 11906 | D:12     | Bought a scroll of identify for 22 gold pieces
 11906 | D:12     | Bought a scroll of identify for 22 gold pieces
 12168 | D:13     | Noticed a catoblepas
 12192 | D:13     | Killed a catoblepas
 12256 | D:13     | Noticed a two-headed ogre
 12274 | D:13     | Killed a two-headed ogre
 12368 | D:13     | Noticed a deep elf mage
 12382 | D:13     | Killed a deep elf mage
 12419 | D:13     | Noticed an enchanted long sword
 12453 | D:13     | Noticed an enchanted long sword
 12701 | D:13     | Noticed a two-headed ogre
 12722 | D:13     | Killed a two-headed ogre
 12844 | D:13     | Noticed a centaur warrior
 12861 | D:13     | Killed a centaur warrior
 12892 | D:13     | Killed an enchanted long sword
 13030 | D:13     | Killed an enchanted long sword
 13030 | D:13     | Reached XP level 12. HP: 94/94 MP: 18/24
 13113 | D:13     | Found a gate to the Vaults.
 13131 | D:13     | Identified Peuschits's Handbook of Conjuration and the Entourage (Sif Muna gifted it to you on level 13 of the Dungeon)
 13131 | D:13     | Received a gift from Sif Muna
 13158 | D:13     | Noticed a centaur warrior
 13170 | D:13     | Killed a centaur warrior
 13170 | D:13     | Reached skill level 5 in Evocations
 13433 | D:13     | Reached skill level 5 in Invocations
 13689 | D:15     | Entered Level 15 of the Dungeon
 13946 | Orc:1    | Entered Level 1 of the Orcish Mines
 13959 | Orc:1    | Found a dark tunnel.
 13964 | Volcano  | Entered a volcano
 13980 | Volcano  | Reached skill level 5 in Hexes
 14353 | Orc:2    | Entered Level 2 of the Orcish Mines
 14353 | Orc:2    | Found a staircase to the Elven Halls.
 14502 | Lair:1   | Entered Level 1 of the Lair of Beasts
 15058 | Lair:1   | Identified the +3 trident of Ilezxic {antimagic, rC+ MR- Str+3 Dex+8} (You found it on level 1 of the Lair of Beasts)
 15247 | Lair:1   | Noticed a fire dragon
 15257 | Lair:1   | Killed a fire dragon
 15426 | Lair:2   | Noticed a five-headed hydra
 15432 | Lair:2   | Killed a five-headed hydra
 16174 | Lair:3   | Noticed a four-headed hydra
 16189 | Lair:3   | Killed a four-headed hydra
 16283 | Lair:3   | Found a staircase to the Swamp.
 16804 | Lair:3   | Found a hole to the Spider Nest.
 17588 | Lair:4   | Noticed Snorg
 17645 | Lair:4   | Killed Snorg
 17666 | Lair:4   | Received a gift from Sif Muna
 17683 | Lair:4   | Reached XP level 13. HP: 94/101 MP: 4/26
 17755 | Lair:4   | Reached skill level 10 in Ice Magic
 18790 | Lair:5   | Found a viscous altar of Jiyva.
 18791 | Lair:5   | Found a staircase to the Slime Pits.
 19542 | Lair:6   | Entered Level 6 of the Lair of Beasts
 19980 | Lair:6   | Noticed a dire elephant
 20171 | Lair:6   | Killed a dire elephant
 21009 | Lair:6   | Identified Sif Muna's Reference Book on Earth (Sif Muna gifted it to you on level 6 of the Lair of Beasts)
 21009 | Lair:6   | Received a gift from Sif Muna
 21056 | Lair:6   | Reached skill level 12 in Summonings
 21507 | Lair:6   | Reached skill level 10 in Spellcasting
 21579 | Lair:6   | Identified the +11 bardiche of Voryhele {elec, rC++ Str+2} (You found it on level 6 of the Lair of Beasts)
 22324 | Orc:1    | Noticed Urug
 22343 | Orc:1    | Killed Urug
 22658 | Orc:2    | Found Doijuotu's Book Boutique.
 22658 | Orc:2    | Found Jote's Antique Armour Emporium.
 23274 | Orc:2    | Reached XP level 14. HP: 109/109 MP: 7/28
 23414 | Orc:2    | Found a roughly hewn altar of Beogh.
 23767 | Orc:2    | Reached skill level 10 in Fighting
 24588 | Orc:2    | Received a gift from Sif Muna
 24589 | Orc:2    | Identified Sif Muna's Collected Works on Creation and Intoxication (Sif Muna gifted it to you on level 2 of the Orcish Mines)
 24598 | Orc:2    | Found Uqoe's General Store.
 24599 | Orc:2    | Found Geozxan's Gadget Emporium.
 24931 | Orc:2    | Noticed an orc warlord
 24964 | Orc:2    | Killed an orc warlord
 25077 | Orc:2    | Learned a level 3 spell: Regeneration
 25535 | D:6      | Bought a gilded ring for 120 gold pieces
 25550 | D:6      | Learned a level 7 spell: Summon Hydra
 26261 | D:14     | Noticed Kirke
 26271 | D:14     | Killed Kirke
 26271 | D:14     | Reached skill level 1 in Charms
 27532 | D:15     | Noticed Roxanne
 28294 | D:15     | Reached skill level 5 in Charms
 28342 | D:15     | Found a staircase to the Depths.
 28342 | D:15     | Noticed a dire elephant
 28392 | D:15     | Killed a dire elephant
 28705 | Swamp:1  | Entered Level 1 of the Swamp
 28755 | Swamp:1  | Identified Sif Muna's Advanced Rites and Rhymes (Sif Muna gifted it to you on level 1 of the Swamp)
 28755 | Swamp:1  | Received a gift from Sif Muna
 29090 | Swamp:1  | Reached skill level 1 in Shields
 29909 | Swamp:2  | Reached skill level 1 in Necromancy
 30218 | Swamp:2  | Reached XP level 15. HP: 92/115 MP: 25/29
 30571 | Swamp:2  | Reached ****** piety under Sif Muna
 30851 | Swamp:4  | Entered Level 4 of the Swamp
 30851 | Swamp:4  | Noticed a thorn hunter
 30863 | Swamp:4  | Killed a thorn hunter
 30876 | Swamp:3  | HP: 4/115 [swamp worm (16)]
 31043 | Swamp:3  | Noticed Aizul
 31050 | Swamp:3  | Killed Aizul
 31145 | Swamp:3  | Identified Sif Muna's Grimoire of Dusty Augmentations (Sif Muna gifted it to you on level 3 of the Swamp)
 31145 | Swamp:3  | Received a gift from Sif Muna
 31151 | Swamp:3  | Learned a level 3 spell: Ozocubu's Armour
 31856 | Swamp:4  | Noticed a thorn hunter
 31867 | Swamp:4  | Killed a thorn hunter
 31873 | Swamp:4  | Reached skill level 5 in Necromancy
 32422 | Swamp:4  | Noticed a thorn hunter
 32635 | Swamp:4  | Noticed Jorgrun
 32669 | Swamp:3  | Killed Jorgrun
 32992 | Spider:1 | Entered Level 1 of the Spider Nest
 33363 | Swamp:4  | Noticed a thorn hunter
 33535 | Swamp:4  | Killed a thorn hunter
 33753 | Swamp:4  | Killed a thorn hunter
 33859 | Swamp:4  | Got an ichor-stained scale mail
 33872 | Swamp:4  | Received a gift from Sif Muna
 33881 | Swamp:4  | Found an ancient bone altar of Kikubaaqudgha.
 34172 | Swamp:4  | Got a decaying rune of Zot
 34378 | Swamp:4  | Identified the +2 scale mail "Netusy" {Int+2} (You found it on level 4 of the Swamp)
 34571 | Swamp:4  | Learned a level 4 spell: Throw Icicle
 34818 | Vaults:1 | Entered Level 1 of the Vaults
 34926 | Vaults:1 | Noticed a vault warden
 34949 | Vaults:1 | Killed a vault warden
 34949 | Vaults:1 | Reached skill level 1 in Conjurations
 35048 | Vaults:1 | Found Inuped's Antique Weapon Emporium.
 35754 | Vaults:1 | Reached XP level 16. HP: 122/122 MP: 27/31
 36649 | Vaults:1 | Reached skill level 5 in Conjurations
 36875 | Vaults:1 | Identified Sif Muna's Papyrus of Glacial Feathers (Sif Muna gifted it to you on level 1 of the Vaults)
 36875 | Vaults:1 | Received a gift from Sif Muna
 38355 | Vaults:1 | Reached skill level 13 in Summonings
 38362 | Vaults:1 | Noticed a lich
 38371 | Vaults:1 | Killed a lich
 38597 | Vaults:1 | Noticed a sphinx
 38616 | Vaults:1 | Killed a sphinx
 39220 | Vaults:1 | Identified Sif Muna's Easy Secret Knowledge (Sif Muna gifted it to you on level 1 of the Vaults)
 39220 | Vaults:1 | Received a gift from Sif Muna
 39554 | Vaults:1 | Got a pitted mace {drain}
 39555 | Vaults:1 | Identified the +7 mace of Disaster {drain, Dex+3} (You took it off an orc knight on level 1 of the Vaults)
 40041 | Vaults:1 | Identified the +6 hand axe "Faroka" {freeze, Str+7 Dex+3} (You took it off an ironbrand convoker on level 1 of the Vaults)
 40122 | Vaults:1 | Identified the Papyrus of Flamy Self-Improvement
 41306 | Vaults:2 | Reached XP level 17. HP: 105/128 MP: 2/32
 41651 | Vaults:2 | Identified Sepn's Reference Book on Toxic Fire (Sif Muna gifted it to you on level 2 of the Vaults)
 41651 | Vaults:2 | Received a gift from Sif Muna
 42256 | Vaults:2 | Noticed a tentacled monstrosity
 42286 | Vaults:2 | Killed a tentacled monstrosity
 43594 | Vaults:2 | Noticed a sphinx
 44516 | Vaults:2 | Received a gift from Sif Muna
 44523 | Vaults:2 | Identified Sif Muna's Grimoire of Stolen Souls and Calling (Sif Muna gifted it to you on level 2 of the Vaults)
 44532 | Vaults:2 | Learned a level 7 spell: Monstrous Menagerie
 45180 | Vaults:2 | Reached skill level 14 in Summonings
 45221 | Vaults:2 | Killed a sphinx
 45360 | Vaults:2 | Noticed a titan
 45373 | Vaults:2 | Killed a titan
 47092 | Vaults:3 | Noticed a sphinx
 47096 | Vaults:3 | Killed a sphinx
 47507 | Vaults:3 | Identified Nerar's Reference Book on Frigorific Combat Magic (Sif Muna gifted it to you on level 3 of the Vaults)
 47507 | Vaults:3 | Received a gift from Sif Muna
 47820 | Vaults:3 | Reached XP level 18. HP: 125/134 MP: 23/33
 48275 | Vaults:3 | Found a staircase to the Crypt.
 49495 | Vaults:4 | Found Qubb's Weapon Shoppe.
 50182 | Vaults:4 | Reached skill level 15 in Summonings
 50686 | Vaults:4 | Identified Sif Muna's Collected Works on Battle Magic and the Blaze (Sif Muna gifted it to you on level 4 of the Vaults)
 50686 | Vaults:4 | Received a gift from Sif Muna
 51791 | Vaults:5 | Entered Level 5 of the Vaults
 52386 | Spider:1 | Noticed Asterion
 52395 | Spider:1 | Killed Asterion
 53701 | Spider:2 | Identified Sif Muna's Grimoire of Bewitchment and Dislocation (Sif Muna gifted it to you on level 2 of the Spider Nest)
 53701 | Spider:2 | Received a gift from Sif Muna
 53725 | Spider:2 | Identified the +1 ring mail of the Vacuum {rPois} (You found it on level 2 of the Spider Nest)
 54476 | Spider:2 | HP: 4/134 [poisoned by a ghost moth]
 54479 | Spider:2 | Slain by a ghost moth

Vault maps used:
D:1:      ldierk_water_garden
D:2:      first_bread
D:3:      led_sif_pool, serial_glass, glass_columns_a, glass_columns_c,
          glass_columns_a, glass_columns_b, glass_columns_c, glass_columns_a,
          glass_columns_c, glass_columns_b, glass_columns_b, glass_columns_a,
          glass_columns_a, glass_columns_a, glass_columns_c, glass_columns_b,
          item_on_display_a, item_on_display_b, item_on_display_a,
          feat_on_display, roderic_st_hans_cross
D:4:      minmay_temple_entry_statues_pillars
D:6:      kennysheep_orc_sif_temple, serial_shops, shop,
          nicolae_shop_statue_plus, nicolae_shop_trees,
          nicolae_shop_behind_doors, uniq_pikel, uniq_grinder
D:8:      basic_altar, enter_bailey_3
D:9:      minmay_orc_entry_temple_small
D:11:     minmay_coctagon, lair_entry_dummy, nicolae_trove_entry_crystal,
          serial_shops, shop_statue
D:12:     serial_shops, shop
D:13:     erik_vaults_1
D:14:     cheibrodos_ideogram_h, kennysheep_nondescript, uniq_kirke
D:15:     hangedman_depths_entry_try_elsewhere_first,
          hangedman_abyss_or_decor_jellyfish_corner, uniq_roxanne
Temple:   roderic_octagonal_lattice_temple
Lair:1:   dragon1_lemuel, lemuel_fruit_fields
Lair:2:   serial_bayou_shore_a, serial_bayou_shore_b
Lair:3:   minmay_swamp_entry_worms, spider_nest_entry_funnel_web
Lair:4:   lemuel_fruit_tree, uniq_snorg
Lair:5:   slime_altar_1
Lair:6:   gammafunk_lair_ancient_temple, minmay_lair_oklob_chamber
Swamp:1:  evilmike_swamp_ruin_rubble_2
Swamp:2:  evilmike_swamp_ruin_rubble_1
Swamp:3:  cheibrodos_swamp_heart_of_darkness, nicolae_swamp_very_dense_foliage,
          swamp_pool2, uniq_aizul
Swamp:4:  swamp_alternative, grunt_ruined_hall, infiniplex_staircase_pool,
          uniq_jorgrun
Spider:1: uniq_asterion
Spider:2: guppyfry_spider_mini_1
Spider:3: spider_trap, nicolae_spider_stair_cavern, uniq_arachne, uniq_agnes
Orc:1:    nicolae_volcano_entry_lava_flow, uniq_urug
Orc:2:    st_orc_open, basic_altar, mines4_lemuel
Vaults:1: nicolae_vaults_puzzle_piece, st_greater_box_3, vaults_room_semicircle,
          hangedman_vaults_stagger, ontoclasm_vaults_decontamination,
          vaults_room_fours, v_misc_30, hangedman_vaults_snaps,
          vaults_room_corners, vaults_room_stairs_pillars, vaults_room_pools,
          serial_shops, shop
Vaults:2: nicolae_vaults_mini_display_case, hangedman_vaults_nails,
          hangedman_vaults_cutoff, v_misc_28, nicolae_vaults_twisting_passages,
          v_misc_30, st_eye, ontoclasm_vaults_loading_screen,
          ontoclasm_vaults_gateway, vaults_dpeg_encased_lava,
          grunt_vaults_diagonal, vaults_dpeg_hooks
Vaults:3: serial_ice_h, minmay_crypt_entry_skeletal_spiral,
          hangedman_vaults_restitches, v_misc_10, nicolae_vaults_holding_cells,
          nicolae_vaults_little_ls, nicolae_vaults_rhombus_6,
          grunt_vaults_hallway_long, nicolae_vaults_sealed_display
Vaults:4: vaults_mumra_chevron, v_pattern_2, hangedman_vaults_cutoff, v_misc_11,
          nicolae_vaults_network_s, nicolae_vaults_little_squares_5,
          nicolae_vaults_alarming, vaults_room_semicircle, vaults_room_fours,
          vaults_dpeg_diagonal, serial_shops, shop
Vaults:5: serial_shops
Volcano:  volcano_caves

Skill      XL: |  1  2  3  4  5  6  7  8  9 10 11 12 13 14 15 16 17 18 |
---------------+-------------------------------------------------------+-----
Fighting       | 1 2 3 4 5 6 7 8 9 10 | 10.1
Stealth        | 3 4 5 6 7 |  7.5
Summonings     | 6 7 8 11 12 13 14 15 | 15.5
Dodging        | 4 5 6 7 |  7.8
Spellcasting   | 4 5 7 8 9 10 11 | 11.0
Air Magic      | 1 2 4 5 7 |  7.1
Ice Magic      | 3 5 8 9 10 11 12 13 | 13.8
Invocations    | 2 4 6 8 9 |  9.0
Evocations     | 1 4 7 |  7.3
Hexes          | 4 7 |  7.1
Charms         | 6 8 |  8.3
Shields        | 3 4 |  4.4
Necromancy     | 2 7 |  7.1
Conjurations   | 3 5 |  5.2

Action                   |  1- 3 |  4- 6 |  7- 9 | 10-12 | 13-15 | 16-18 || total
-------------------------+-------+-------+-------+-------+-------+-------++-------
Melee: Unarmed           |     7 |       |       |       |       |       ||     7
       Bite              |     4 |     8 |     3 |     2 |       |     1 ||    18
       Dagger            |    48 |    61 |       |       |       |       ||   109
       Short sword       |       |    23 |    23 |       |       |       ||    46
       Staff             |       |       |    27 |    19 |     5 |    21 ||    72
 Cast: Summon Small Mamm |    14 |     3 |       |       |       |       ||    17
       Call Imp          |    11 |    15 |    16 |     6 |       |       ||    48
       Call Canine Famil |     7 |    22 |    30 |    24 |    33 |       ||   116
       Summon Lightning  |       |       |    52 |   114 |   104 |    51 ||   321
       Summon Ice Beast  |       |       |       |   121 |   460 |   133 ||   714
       Summon Mana Viper |       |       |       |    16 |    92 |    33 ||   141
       Summon Hydra      |       |       |       |       |    45 |   260 ||   305
       Regeneration      |       |       |       |       |    16 |    34 ||    50
       Throw Icicle      |       |       |       |       |    31 |       ||    31
       Ozocubu's Armour  |       |       |       |       |     9 |    11 ||    20
       Monstrous Menager |       |       |       |       |       |   215 ||   215
Invok: Divine Energy     |       |       |       |       |     1 |     1 ||     2
       Channel Magic     |       |       |       |       |       |     2 ||     2
       Stop Divine Energ |       |       |       |       |       |     1 ||     1
Evoke: Wand              |       |       |       |       |     1 |     4 ||     5
       Lightning rod     |       |       |       |       |       |     5 ||     5
  Use: Potion            |     1 |       |     2 |     4 |     3 |     5 ||    15
       Scroll            |       |       |    17 |    14 |    12 |    18 ||    61
 Stab: Sleeping          |     5 |     1 |     1 |       |       |       ||     7
       Distracted        |       |     1 |     2 |     1 |       |       ||     4
  Eat: Chunk             |     5 |     9 |    21 |    58 |    88 |    81 ||   262
       Royal jelly       |       |       |     1 |     1 |     7 |     1 ||    10
       Bread ration      |       |       |       |       |     3 |     3 ||     6
Armor: Robe              |    13 |    19 |    10 |       |       |    33 ||    75
       Leather armour    |       |       |       |    17 |    93 |     1 ||   111
       Troll leather arm |       |       |       |     1 |       |       ||     1
Dodge: Dodged            |    50 |    69 |    67 |    63 |   293 |   221 ||   763
Block: Buckler           |       |       |       |       |    56 |    75 ||   131
